 Dungeon Crawl Stone Soup version 0.28.0-53-g5a82cb258f (webtiles) character file.

Game seed: 6279002684443967210

2403 nickcage the Destroyer (level 9, -3/62 HPs)
             Began as a Black Draconian Conjurer on July 11, 2022.
             Was an Initiate of Vehumet.
             Slain by Gastronok (27 damage)
             ... on level 8 of the Dungeon.
             The game lasted 00:35:23 (9678 turns).

nickcage the Destroyer (Black Draconian Conjurer)   Turns: 9678, Time: 00:35:23

Health: -3/62      AC:  7    Str:  9    XL:     9   Next: 23%
Magic:  7/18       EV: 12    Int: 30    God:    Vehumet [......]
Gold:   365        SH:  0    Dex:  9    Spells: 7/21 levels left

rFire   . . .      SeeInvis .   d - +0 rapier (flame)
rCold   . . .      Faith    .   (no shield)
rNeg    . . .      Spirit   .   (armour unavailable)
rPois   .          Reflect  .   (helmet restricted)
rElec   +          Harm     .   (no cloak)
rCorr   .          Rampage  .   (no gloves)
Will    .....                   (no boots)
Stlth   ++........              (no amulet)
HPRegen 0.20/turn               g - +6 ring of intelligence
MPRegen 0.16/turn               f - ring of wizardry

@: no status effects
A: breathe lightning, AC +7, unfitting armour, electricity resistance,
cold-blooded
a: Breathe Lightning, Renounce Religion


You were on level 8 of the Dungeon.
You worshipped Vehumet.
Vehumet was noncommittal.
You visited 2 branches of the dungeon, and saw 9 of its levels.
You also visited: Ossuary.

You collected 365 gold pieces.

Inventory:

Hand Weapons
 a - a +0 dagger
 c - a +1 dagger of electrocution
 d - a +0 rapier of flaming (weapon)
Missiles
 e - 32 poisoned darts
Armour
 o - a +0 buckler
Magical Staves
 k - a staff of fire
 p - a staff of poison
Jewellery
 f - a ring of wizardry (right hand)
 g - a +6 ring of intelligence (left hand)
 i - a ring of see invisible
 j - the ring "Conigiag" {Fire rElec Str+3}
   (You found it on level 2 of the Dungeon)

   [ring of fire]

   It enhances your fire magic.
   Str:       It affects your strength (+3).
   rF:        It protects you from fire.
   rC:        It makes you vulnerable to cold.
   rElec:     It insulates you from electricity.
 m - a +6 ring of strength
 C - a +4 ring of evasion
Wands
 w - a wand of acid (6)
 x - a wand of iceblast (15)
 B - a wand of paralysis (5)
Scrolls
 b - 8 scrolls of teleportation
 r - a scroll of magic mapping {unknown}
 u - 2 scrolls of noise
Potions
 h - 4 potions of heal wounds
 l - 3 potions of berserk rage
 n - 4 potions of curing
 q - a potion of invisibility
 s - 2 potions of cancellation
 t - 2 potions of flight
 v - a potion of might
 z - a potion of ambrosia
 A - a potion of haste {unknown}


   Skills:
 - Level 1.7 Dodging
 - Level 1.7 Stealth
 + Level 6.5 Spellcasting
 * Level 10.4 Conjurations
 - Level 1.0 Hexes
 - Level 3.0 Translocations
 - Level 2.1 Air Magic


You had 7 spell levels left.
You knew the following spells:

 Your Spells              Type           Power      Damage    Failure   Level
a - Magic Dart            Conj           100%       1d8       1%          1
b - Searing Ray           Conj           100%       2d8       1%          2
c - Fulminant Prism       Conj/Hex       22%        3d13      1%          4
d - Iskenderun's Mystic   Conj/Tloc      50%        2d11      1%          4
e - Mephitic Cloud        Conj/Pois/Air  34%        N/A       1%          3

Your spell library contained the following spells:

 Spells                   Type           Power      Damage    Failure   Level
 Animate Skeleton         Necr           18%        N/A       1%          1
 Foxfire                  Conj/Fire      100%       2x1d9     1%          1
 Pain                     Necr           36%        1d5       1%          1
 Sting                    Tmut/Pois      36%        1d4       1%          1
 Corpse Rot               Necr/Air       32%        N/A       1%          2
 Poisonous Vapours        Pois/Air       32%        N/A       1%          2
 Conjure Flame            Conj/Fire      41%        6-21      1%          3
 Dazzling Flash           Conj/Hex       88%        N/A       1%          3
 Flame Wave               Conj/Fire      41%        2d9       2%          4
 Call Imp                 Summ           9%         N/A       3%          2
 Inner Flame              Hex/Fire       12%        N/A       4%          3
 Vampiric Draining        Necr           9%         2d6       6%          3
 Anguish                  Hex/Necr       6%         N/A       16%         4
 Dispel Undead            Necr           9%         3d8       21%         4
 Starburst                Conj/Fire      20%        6d7       32%         6
 Alistair's Intoxication  Tmut/Pois      6%         N/A       45%         5
 Borgnjor's Vile Clutch   Necr/Erth      4%         N/A       45%         5
 Death Channel            Necr           4%         N/A       95%         6


Dungeon Overview and Level Annotations

Branches:
Dungeon (8/15)             Temple (1/1) D:7         Ossuary (visited)
   Lair: D:8-11

Altars:
Ashenzari
Dithmenos
Elyvilon
Fedhas
Gozag
Hepliaklqana
Kikubaaqudgha
Makhleb
Nemelex Xobeh
Okawaru
Qazlal
Ru
Sif Muna
Uskayaw
Vehumet
Xom
Yredelemnul
Zin
The Shining One

Annotations:
D:8 Gastronok


Innate Abilities, Weirdness & Mutations

You can breathe wild blasts of lightning.
Your glossy black scales are hard. (AC +7)
You cannot fit into any form of body armour.
You are resistant to electric shocks. (rElec)
You are cold-blooded and may be slowed by cold attacks.


Message History

You climb downwards.
There is a stone staircase leading up here.
Gastronok is nearby!
The helpless Gastronok fails to defend himself.
You hit Gastronok. You burn Gastronok.
Gastronok is lightly wounded.
The searing ray hits Gastronok!
Gastronok is lightly wounded. (Press . to maintain the ray.) Gastronok bites you.
The searing ray hits Gastronok!
Gastronok is lightly wounded.
The searing ray hits Gastronok.
Gastronok is moderately wounded.
You wobble.
The searing ray hits Gastronok!
Gastronok is moderately wounded.
You finish channelling your searing ray.
The searing ray hits Gastronok!
Gastronok is moderately wounded. (Press . to maintain the ray.) Gastronok bites you!!
Ouch! That really hurt!
The searing ray hits Gastronok.
Gastronok is moderately wounded.
The searing ray hits Gastronok.
Gastronok is moderately wounded.
You feel a sudden urge to swivel your nonexistent eyestalks around.
The searing ray hits Gastronok!
Gastronok is heavily wounded.
You finish channelling your searing ray.
You are too injured to fight recklessly!
Aiming: Searing Ray (safe; 1% risk of failure)
Press: ? - help, Q - select action, (/) - cycle Shift-Dir - straight line, f/p - Gastronok
Aim: Gastronok, wearing a +2 hat of stealth (heavily wounded, 100% to hit)
The searing ray hits Gastronok!
Gastronok is heavily wounded. (Press . to maintain the ray.) Gastronok bites you!!
You die...

.. . . .#
#####.####
#.........
#.w...####
#.@.......
#.....###.
#.....#
#######


You could see Gastronok.

Vanquished Creatures
  Grinder (D:3)
  A wyvern (D:5)
  Eustachio (D:6)
  Edmund (D:6)
  3 water moccasins
  An ice beast (D:5)
  A sky beast (D:6)
  A necrophage (D:6)
  A black bear (D:5)
  A centaur (D:7)
  An elf zombie (D:5)
  Blork the orc (D:5)
  A kobold brigand (D:6)
  2 scorpions
  2 centaur zombies
  2 bullfrog zombies (D:6)
  A human zombie (D:5)
  2 hounds
  A jelly (D:5)
  2 bullfrog skeletons
  A gnoll shaman (D:7)
  Ijyb (D:5)
  An iguana (D:6)
  A killer bee zombie (D:5)
  3 mummies (Ossuary)
  12 gnolls
  An adder (D:3)
  A white imp (D:7)
  2 adder skeletons (D:4)
  7 adder zombies (Ossuary)
  5 dart slugs
  A worm (D:2)
  10 orcs
  7 endoplasms
  A giant cockroach (D:2)
  A gnoll zombie (Ossuary)
  6 goblins
  6 hobgoblins
  3 jackals (D:5)
  20 kobolds
  2 quokkas
  6 ball pythons
  7 bats
  8 frilled lizards
  2 goblin zombies (Ossuary)
  2 hobgoblin zombies (Ossuary)
  3 kobold zombies (Ossuary)
  3 orc skeletons (D:5)
  An orc zombie (D:5)
  8 rats
  3 rat zombies (Ossuary)
162 creatures vanquished.

Vanquished Creatures (others)
  4 fulminant prisms (D:6)
  4 fungi (D:1)
  15 plants
23 creatures vanquished.

Grand Total: 185 creatures vanquished

Notes
Turn   | Place    | Note
-------+----------+-------------------------------------------
     0 | D:1      | nickcage the Draconian Conjurer began the quest for the
                  | Orb.
     0 | D:1      | Reached XP level 1. HP: 14/14 MP: 3/3
   218 | D:1      | Reached XP level 2. HP: 16/20 MP: 0/5
   277 | D:1      | Learned a level 2 spell: Searing Ray
   441 | D:1      | Found a faded altar of an unknown god.
   764 | D:1      | Reached XP level 3. HP: 26/26 MP: 4/6
  1213 | D:2      | Identified the +1 robe of Imperfection {rElec rC- Regen+
                  | SInv}
  1230 | D:2      | Reached skill level 5 in Conjurations
  1706 | D:2      | Identified the ring "Conigiag" {Fire rElec Str+3}
  2502 | D:3      | Reached XP level 4. HP: 32/33 MP: 4/7
  2585 | D:3      | Learned a level 4 spell: Fulminant Prism
  2662 | D:3      | Noticed Grinder
  2676 | D:3      | Killed Grinder
  2677 | D:3      | Reached skill level 6 in Conjurations
  2677 | D:3      | Reached XP level 5. HP: 38/38 MP: 0/10
  3176 | D:3      | Reached XP level 6. HP: 45/45 MP: 7/11
  3340 | D:3      | Learned a level 4 spell: Iskenderun's Mystic Blast
  3981 | D:4      | Found a burning altar of Makhleb.
  4301 | D:5      | Entered Level 5 of the Dungeon
  4302 | D:5      | Identified a scroll of acquirement
  4302 | D:5      | Acquired a book of Flames
  4331 | D:5      | Found a sand-covered staircase.
  4403 | Ossuary  | Entered an ossuary
  4410 | Ossuary  | Reached skill level 7 in Conjurations
  5128 | D:5      | Reached skill level 1 in Hexes
  5212 | D:5      | Reached skill level 1 in Translocations
  5212 | D:5      | Your scales start taking on a glossy black colour.
  5212 | D:5      | Reached XP level 7. HP: 50/50 MP: 7/13
  5212 | D:5      | Gained mutation: You are resistant to electric shocks.
                  | (rElec) [Black Draconian growth]
  5488 | D:5      | Noticed a wyvern
  5578 | D:5      | Got the Tome of Vitriolic Sinister Magic
  5927 | D:5      | Killed a wyvern
  6154 | D:5      | Noticed Blork the orc
  6161 | D:5      | Killed Blork the orc
  6162 | D:5      | Reached skill level 8 in Conjurations
  6238 | D:5      | Reached XP level 8. HP: 57/57 MP: 4/15
  6239 | D:5      | Reached skill level 5 in Spellcasting
  6615 | D:5      | Noticed Ijyb
  6626 | D:5      | Killed Ijyb
  6865 | D:5      | Learned a level 3 spell: Mephitic Cloud
  7112 | D:6      | Reached skill level 9 in Conjurations
  7303 | D:6      | Noticed Edmund
  7322 | D:6      | Killed Edmund
  7337 | D:6      | Noticed Eustachio
  7482 | D:6      | Killed Eustachio
  7483 | D:6      | Reached skill level 1 in Air Magic
  7819 | D:6      | Reached XP level 9. HP: 62/62 MP: 10/18
  8291 | D:7      | Reached skill level 10 in Conjurations
  8778 | D:7      | Found a staircase to the Ecumenical Temple.
  8789 | Temple   | Entered the Ecumenical Temple
  9027 | Temple   | Became a worshipper of Vehumet
  9668 | D:8      | Noticed Gastronok
  9678 | D:8      | Slain by Gastronok

Illustrated notes

Levels and vault maps discovered:
D:1:      matt_arrival_refuge, layout_loops_ring,
          shapermc_ecumenical_altar_mp_urbaneastern
D:2:      layout_basic, serial_bayou, serial_bayou_crossing,
          serial_bayou_ford_a, serial_bayou_shore_a, serial_bayou_pond_d,
          serial_bayou_pond_c
D:3:      layout_rooms, skrybe_limestone_x, lexackson_kobold_supper,
          uniq_grinder
D:4:      layout_basic, mainiacjoe_overflow_alcove_1, minmay_splitting_lines
D:5:      layout_basic, nicolae_ossuary_entry_catacombs, hex_tiny, st_stairs_4,
          uniq_blork_the_orc, uniq_ijyb
D:6:      layout_rooms, kennysheep_cross_bottleneck, uniq_edmund, uniq_eustachio
D:7:      layout_basic, temple_fountains
D:8:      layout_loops_cross, uniq_gastronok, uniq_maurice
Temple:   mainiacjoe_temple_starburst

Skill      XL: |  1  2  3  4  5  6  7  8  9 |
---------------+----------------------------+-----
Conjurations   | 5 6 7 8 9 10 | 10.4
Spellcasting   | 3 4 6 |  6.5
Hexes          | 1 |  1.0
Translocations | 1 2 3 |  3.0
Air Magic      | 2 |  2.1
Dodging        | |  1.7
Stealth        | |  1.7

Action                   |  1- 3 |  4- 6 |  7- 9 || total
-------------------------+-------+-------+-------++-------
Melee: Dagger            |     7 |       |       ||     7
       Punch             |     2 |       |     1 ||     3
       Rapier            |     4 |     8 |     9 ||    21
       Tailslap          |       |     2 |       ||     2
 Cast: Magic Dart        |    88 |    93 |    56 ||   237
       Searing Ray       |     1 |    17 |    51 ||    69
       Fulminant Prism   |       |       |     4 ||     4
 Abil: Breathe Lightning |       |       |     3 ||     3
  Use: Scroll            |     2 |     4 |     7 ||    13
 Stab: Sleeping          |       |       |     1 ||     1
Armor: Skin              |     8 |     8 |    19 ||    35
Dodge: Dodged            |    11 |    14 |    44 ||    69
